 Dungeon Crawl Stone Soup version 0.27-a0-899-ge2d0b17c59 (webtiles) character file.

Game seed: 3227532544527442207

477818 mhtbhm the Hoplite (level 23, -8/224 HPs)
             Began as a Minotaur Fighter on Apr 4, 2021.
             Was an Initiate of Gozag.
             Mangled by a vampire knight
             ... wielding a +0 vorpal great sword
              (9 damage)
             ... while paralysed by a great orb of eyes
             ... on level 1 of the Depths on Apr 5, 2021.
             The game lasted 01:46:39 (51924 turns).

mhtbhm the Hoplite (Minotaur Fighter)              Turns: 51924, Time: 01:46:39

Health: -8/224     AC: 25    Str: 36    XL:     23   Next: 65%
Magic:  20/22      EV:  2    Int:  9    God:    Gozag
Gold:   8199       SH:  0    Dex:  5    Spells: 22/22 levels left

rFire    + . .     SeeInvis .   a - +9 double sword (holy)
rCold    . . .     Faith    .   c - +2 kite shield
rNeg     . . .     Spirit   .   b - +6 scale mail "Zuhe" {rElec Regen+ Dex-4}
rPois    +         Reflect  .   X - +1 hat
rElec    +         Harm     .   E - +1 cloak {rPois}
rCorr    .         Rampage  .   g - +2 pair of gloves {archery}
Will     +....                  J - +0 pair of boots {Fly}
Stlth    ++........             S - amulet of regeneration
HPRegen  2.47/turn              I - ring of Cheibriados's Scorn {+Inv rF+ Str+4 Int+4}
MPRegen  0.18/turn              V - ring of poison resistance

@: paralysed, flying, studying Maces & Flails
A: horns 2, retaliatory headbutt
}: 2/15 runes: decaying, gossamer
a: Renounce Religion, Evoke Invisibility, Potion Petition, Call Merchant, Bribe
Branch


You were on level 1 of the Depths.
You worshipped Gozag.
Gozag was greatly pleased with you.
You visited 8 branches of the dungeon, and saw 40 of its levels.
You visited the Abyss 1 time.
You also visited: Sewer, Ossuary and Volcano.

You collected 19034 gold pieces.
You spent 3378 gold pieces at shops.
You paid 7457 gold pieces to Gozag.

Inventory:

Hand Weapons
 a - a +9 double sword of holy wrath (weapon)
 h - the +11 falchion of Recklessness {flame, Fly rElec rN+ Str+4}
   (You found it on level 1 of the Spider Nest)

   It has been specially enchanted to burn those struck by it, causing extra
   injury to most foes and up to half again as much damage against particularly
   susceptible opponents.
   Big, fiery blades are also staple armaments of hydra-hunters.
   It affects your strength (+4).
   It insulates you from electricity.
   It protects you from negative energy.
   It grants you flight.
 G - the +8 longbow "Zephyr" {speed, Dex+3 SInv}
   (You found it on level 4 of the Lair of Beasts)

   Attacks with this weapon are significantly faster.
   It affects your dexterity (+3).
   It lets you see invisible.
Missiles
 i - 6 boomerangs of dispersal
 B - 6 curare-tipped darts (quivered)
 D - a throwing net
 M - 7 atropa-tipped darts
Armour
 b - the +6 scale mail "Zuhe" (worn) {rElec Regen+ Dex-4}
   (You found it on level 3 of the Swamp)

   It affects your dexterity (-4).
   It insulates you from electricity.
   It increases your rate of health regeneration.
 c - a +2 kite shield (worn)
 g - a +2 pair of gloves of archery (worn)
 v - a +2 cloak of preservation
 E - a +1 cloak of poison resistance (worn)
 J - a +0 pair of boots of flying (worn)
 X - a +1 hat (worn)
 Y - the +1 plate armour "Soobluot" {rElec rF+ Regen+ Dex+3}
   (You bought it in a shop on level 3 of the Vaults)

   It affects your dexterity (+3).
   It protects you from fire.
   It insulates you from electricity.
   It increases your rate of health regeneration.
Jewellery
 m - a ring of willpower
 t - a ring of resist corrosion
 I - the ring of Cheibriados's Scorn (left hand) {+Inv rF+ Str+4 Int+4}
   (You found it on level 3 of the Spider Nest)

   [ring of protection from fire]

   It affects your strength (+4).
   It affects your intelligence (+4).
   It protects you from fire.
   It lets you turn invisible.
 S - an amulet of regeneration (around neck)
 U - a ring of positive energy
 V - a ring of poison resistance (right hand)
 Z - a ring of protection from cold
Wands
 p - a wand of charming (19)
 q - a wand of paralysis (31)
 C - a wand of iceblast (12)
 L - a wand of digging (27)
 P - a wand of acid (9)
Scrolls
 e - 10 scrolls of teleportation
 j - 3 scrolls of magic mapping
 k - 2 scrolls of blinking
 l - 3 scrolls of fog
 n - 3 scrolls of summoning
 s - 4 scrolls of immolation
 x - 6 scrolls of enchant armour
 y - 21 scrolls of identify
 F - 2 scrolls of fear
 O - 2 scrolls of brand weapon
 Q - 2 scrolls of holy word
Potions
 d - 2 potions of might
 f - 13 potions of mutation
 o - 4 potions of heal wounds
 r - 2 potions of haste
 u - 15 potions of curing
 w - 4 potions of magic
 z - 5 potions of attraction
 A - 3 potions of cancellation
 K - 4 potions of resistance
 T - 3 potions of berserk rage
 W - 2 potions of invisibility
Miscellaneous
 H - a tin of tremorstones (2/2)
 N - a box of beasts
 R - a phantom mirror


   Skills:
 + Level 22.5 Fighting
 + Level 23.2 Long Blades
 + Level 1.1 Throwing
 + Level 17.0 Armour
 + Level 17.2 Dodging
 + Level 7.0 Stealth
 + Level 23.7 Shields
 + Level 3.3 Evocations


You had 22 spell levels left.
You didn't know any spells.
Your spell library contained the following spells:

 Spells                   Type           Power      Damage    Failure   Level
 Animate Skeleton         Necr           0%         N/A       52%         1
 Beastly Appendage        Tmut           0%         N/A       52%         1
 Freeze                   Ice            0%         1d3       52%         1
 Magic Dart               Conj           0%         1d3       52%         1
 Pain                     Necr           0%         1d4       52%         1
 Sandblast                Erth           0%         2d4       52%         1
 Sting                    Tmut/Pois      0%         1d3       52%         1
 Blink                    Tloc           N/A        N/A       65%         2
 Call Imp                 Summ           0%         N/A       65%         2
 Corpse Rot               Necr/Air       N/A        N/A       65%         2
 Ensorcelled Hibernation  Hex/Ice        0%         N/A       65%         2
 Passwall                 Tmut/Erth      0%         N/A       65%         2
 Poisonous Vapours        Pois/Air       0%         N/A       65%         2
 Slow                     Hex            0%         N/A       65%         2
 Sublimation of Blood     Necr           0%         N/A       65%         2
 Wereblood                Tmut           0%         N/A       65%         2
 Confusing Touch          Hex            0%         N/A       87%         3
 Conjure Flame            Conj/Fire      0%         6-21      87%         3
 Frozen Ramparts          Ice            0%         1d2       87%         3
 Gell's Gravitas          Tloc           0%         N/A       87%         3
 Ignite Poison            Fire/Tmut/Pois 0%         N/A       87%         3
 Mephitic Cloud           Conj/Pois/Air  0%         N/A       87%         3
 Spider Form              Tmut/Pois      0%         N/A       87%         3
 Stone Arrow              Conj/Erth      0%         3d7       87%         3
 Vampiric Draining        Necr           0%         2d6       87%         3
 Animate Armour           Summ/Erth      0%         N/A       99%         4
 Animate Dead             Necr           0%         N/A       99%         4
 Cause Fear               Hex            0%         N/A       99%         4
 Dispel Undead            Necr           0%         3d6       99%         4
 Fulminant Prism          Conj/Hex       0%         3d6       99%         4
 Hailstorm                Conj/Ice       0%         3d3       99%         4
 Ice Form                 Ice/Tmut       0%         N/A       99%         4
 Leda's Liquefaction      Hex/Erth       0%         N/A       99%         4
 Olgreb's Toxic Radiance  Pois           0%         N/A       99%         4
 Petrify                  Tmut/Erth      0%         N/A       99%         4
 Summon Ice Beast         Ice/Summ       0%         N/A       99%         4
 Agony                    Necr           0%         N/A       100%        5
 Bolt of Magma            Conj/Fire/Erth 0%         4d4       100%        5
 Borgnjor's Vile Clutch   Necr/Erth      0%         N/A       100%        5
 Excruciating Wounds      Necr           0%         N/A       100%        5
 Hydra Form               Tmut           0%         N/A       100%        5
 Iskenderun's Battlesphe  Conj           0%         2d6       100%        5
 Lee's Rapid Deconstruct  Erth           0%         3d5*      100%        5
 Metabolic Englaciation   Hex/Ice        0%         N/A       100%        5
 Silence                  Hex/Air        0%         N/A       100%        5
 Yara's Violent Unravell  Hex/Tmut       0%         3d3       100%        5
 Death Channel            Necr           0%         N/A       100%        6
 Freezing Cloud           Conj/Ice/Air   0%         6-21      100%        6
 Iron Shot                Conj/Erth      0%         9d1       100%        6
 Simulacrum               Ice/Necr       0%         N/A       100%        6
 Starburst                Conj/Fire      0%         8x6d3     100%        6
 Statue Form              Tmut/Erth      0%         N/A       100%        6
 Orb of Destruction       Conj           0%         N/A       100%        7
 Ozocubu's Refrigeration  Ice            0%         4d5       100%        7
 Spellforged Servitor     Conj/Summ      0%         N/A       100%        7
 Discord                  Hex            0%         N/A       100%        8
 Shatter                  Erth           0%         3d5*      100%        9


Dungeon Overview and Level Annotations

Branches:
Dungeon (15/15)            Temple (0/1) D:6            Lair (6/6) D:8
  Swamp (4/4) Lair:2       Spider (4/4) Lair:4        Slime (0/5) Lair:5
    Orc (2/2) D:11            Elf (0/3) Orc:2        Vaults (4/5) D:14
  Crypt (3/3) Vaults:3       Tomb (0/3) Crypt:3      Depths (1/5) D:15
  Sewer (visited)         Ossuary (visited)         Volcano (visited)

Altars:
Ashenzari
Dithmenos
Gozag
Hepliaklqana
Kikubaaqudgha
Makhleb
Nemelex Xobeh
Okawaru
Qazlal
Ru
Sif Muna
Uskayaw
Vehumet
Yredelemnul
Zin
The Shining One
Beogh

Shops:
D:6 :   D:11 [   Orc:2 [([(**=   Lair:4 (   Vaults:3 [(   Vaults:4 *

Annotations:
D:5 2 runed translucent doors


Innate Abilities, Weirdness & Mutations

You have a pair of horns on your head.
You reflexively headbutt those who attack you in melee.


Message History

The great orb of eyes is moderately wounded.
You hit something but do no damage. Something barely misses you.
You block something's attack.
You block the great orb of eyes's attack.
Unknown command.
You barely miss something. You headbutt something. Something hits you!!
Something bites you.
Something draws strength from your injuries!
The ettin hits you with a +0 dire flail!!
You block the ettin's attack.
The rakshasa blinks!
The great orb of eyes gazes at you. You resist with significant effort.
The great orb of eyes bites you but does no damage.
You hit something. Something hits you! Something bites you but does no damage.
The ettin misses you.
You riposte.
You slash the ettin!
You headbutt the ettin, but do no damage.
The ettin is moderately wounded.
You block the ettin's attack.
You block the great orb of eyes's attack.
Unknown command.
You hit something. You block something's attack. Something bites you.
Something draws strength from your injuries!
The great orb of eyes gazes at you.
You suddenly lose the ability to move!
Something hits you! Something bites you but does no damage.
The ettin hits you with a +0 dire flail!! x2
* * * LOW HITPOINT WARNING * * *
The great orb of eyes bites you but does no damage. x2
Something hits you!!
* * * LOW HITPOINT WARNING * * *
x2 Something bites you.
* * * LOW HITPOINT WARNING * * *
Something draws strength from your injuries!
The ettin hits you with a +0 dire flail.
* * * LOW HITPOINT WARNING * * *
The ettin hits you with a +0 dire flail!
* * * LOW HITPOINT WARNING * * *
Something hits you!
You die...
Your body crumbles into a pile of gold.

## #.## ##...### $
#VR.G.R### #G.(..#
#. ##C.### ##u.#
#@GG'.###
#.....#{G##...###...
#......#......#..#
###...##.(#..##..#
###.#......#...#
#####...##...#
#.#'#.#....# $
##...###....# $
#...##......#


You could see 3 great orbs of eyes, an ettin and a rakshasa.

Vanquished Creatures
  An ancient lich (Crypt:1)
  Bai Suzhen (Crypt:2)
  Xtahua (Crypt:3)
  A profane servitor (Crypt:3)
  Arachne (Spider:4)
  A bone dragon (Crypt:3)
  A hellephant (Vaults:3)
  2 liches
  Jorgrun (D:12)
  A titan (Vaults:4)
  6 ancient champions
  2 tentacled starspawn (Abyss:2)
  Gastronok (Lair:2)
  An Executioner (Abyss:2)
  3 thorn hunters
  4 revenants
  The ghost of ArcanElement the Messenger, an adept HOMo of Beogh (Orc:2)
  A fire giant (Vaults:4)
  A frost giant (D:15)
  A balrug (Vaults:3)
  15 vault wardens
  4 emperor scorpions
  A deep elf sorcerer (Vaults:1)
  4 ghost moths
  The ghost of Cuymamef the Basher, a journeyman FoAK of Lugonu (Lair:6)
  An orc warlord (Orc:1)
  2 curse skulls
  16 ironbound preservers
  The ghost of MisterLeisureLearns the Bludgeoner, a journeyman MiBe of Trog (Spider:1)
  6 ghouls
  16 very ugly things
  A reaper (Crypt:1)
  6 war gargoyles
  3 stone giants
  6 vampire knights
  A minotaur (Orc:2)
  7 dire elephants
  A deep elf annihilator (Vaults:2)
  3 entropy weavers (Spider:3)
  A spectral titan (Crypt:3)
  7 bunyips
  3 spark wasps (Spider:4)
  4 eleionomae
  A red draconian (Abyss:2)
  5 deep elf death magi
  An ettin (Orc:2)
  A quicksilver dragon zombie (Abyss:2)
  2 eidola
  A shambling mangrove (Swamp:4)
  2 mummy priests (Crypt:1)
  A great orb of eyes (Abyss:2)
  A deep elf high priest (Vaults:4)
  A crystal guardian (Vaults:4)
  18 jiangshi
  A rakshasa (Abyss:2)
  6 yaktaur captains
  3 peacekeepers
  36 vault guards
  4 ironbound thunderhulks
  A quicksilver dragon skeleton (Vaults:4)
  4 boulder beetles
  2 catoblepae
  3 ghost crabs
  9 ironbound frosthearts
  Erica (D:8)
  28 hydras
  12 centaur warriors
  3 two-headed ogres
  6 death knights
  9 alligators
  15 death yaks
  8 death scarabs (Spider:4)
  5 vampire magi
  7 ironbound beastmasters
  2 orc high priests (Orc:2)
  A storm dragon zombie (Crypt:1)
  3 tengu warriors (D:15)
  A spriggan berserker (Swamp:4)
  15 hell knights
  A wretched star (Abyss:2)
  A titan skeleton (Crypt:3)
  4 shadow wraiths
  A spectral emperor scorpion (Spider:4)
  A sun demon (Volcano)
  36 skeletal warriors
  A sixfirhy (Abyss:2)
  A death drake (Swamp:3)
  5 goliath frogs
  An anaconda zombie (Crypt:2)
  An iron giant zombie (Crypt:2)
  11 bog bodies
  2 glowing orange brains
  13 swamp dragons
  3 spriggan druids
  An entropy weaver zombie (Crypt:1)
  2 spectral wolf spiders (Spider:4)
  4 phantasmal warriors (Crypt:2)
  21 ironbound convokers
  33 deep trolls
  6 wizards
  11 orc knights
  7 lindwurms
  5 flayed ghosts
  A wolf spider zombie (Spider:4)
  8 harpies (Vaults:1)
  A deep elf zephyrmancer (D:14)
  4 necromancers
  12 orb spiders
  6 orc sorcerers (Orc:2)
  3 deep elf pyromancers
  17 ugly things
  An iron dragon zombie (Crypt:1)
  A spectral ettin (Crypt:3)
  14 wolf spiders
  2 manticores
  2 cyclopes
  6 will-o-the-wisps
  6 moths of wrath
  A fire giant zombie (Vaults:4)
  A frost giant skeleton (Crypt:1)
  A rust devil (D:15)
  17 elephants
  5 black mambas
  9 cane toads
  3 torpor snails
  2 human skeletons (Vaults:4)
  A gargoyle (Volcano)
  A molten gargoyle (Volcano)
  An emperor scorpion zombie (Crypt:1)
  3 smoke demons (Abyss:2)
  9 vault sentinels
  Maggie (Lair:2)
  15 yaktaurs
  4 spectral redbacks (Spider:4)
  11 komodo dragons
  Psyche (D:11)
  A grey draconian zombie (Crypt:1)
  3 rime drakes
  2 redback zombies (Spider:4)
  4 ancient zymes (Abyss:2)
  20 demonic crawlers
  8 freezing wraiths
  A merfolk (shapeshifter) (Vaults:4)
  A yellow draconian skeleton (Crypt:2)
  A red devil (Volcano)
  A harpy zombie (Crypt:2)
  15 hornets
  23 jumping spiders
  A minotaur skeleton (Crypt:3)
  9 trolls
  A catoblepas skeleton (Abyss:2)
  A hydra zombie (Crypt:2)
  A shadow dragon simulacrum (Vaults:4)
  9 tyrant leeches
  3 spectral tarantellas (Spider:4)
  A bloated husk (Swamp:3)
  5 polar bears
  A raiju (Abyss:2)
  A spectral jumping spider (Spider:4)
  2 tarantella zombies (Spider:4)
  Prince Ribbit (D:6)
  22 blink frogs
  A jumping spider zombie (Spider:4)
  A dream sheep (Lair:6)
  19 slime creatures
  60 flying skulls
  8 large abominations
  7 wraiths
  30 tarantellas
  13 spriggans
  3 shadows
  69 redbacks
  19 yaks
  A fire elemental (D:11)
  2 ynoxinuls (Abyss:2)
  8 basilisks
  3 wyverns
  4 fire bats
  4 steam dragons
  14 vampire mosquitoes
  Menkaure (D:6)
  A human simulacrum (Vaults:4)
  3 acid dragons
  6 wargs
  16 swamp worms
  2 hell hounds (Volcano)
  An infernal demonspawn skeleton (Crypt:1)
  21 water moccasins
  A meliai simulacrum (D:14)
  3 spectral hornets (Spider:4)
  4 hornet zombies
  2 sky beasts
  33 orc warriors
  6 black bears
  An ice beast (D:8)
  4 swamp drakes (Swamp:4)
  13 centaurs
  6 ogres
  26 wolves
  5 boggarts (Lair:6)
  7 necrophages
  A manticore skeleton (Crypt:1)
  2 phantoms
  Blork the orc (D:4)
  3 kobold brigands
  An elf zombie (Ossuary)
  7 bullfrogs
  2 gnoll sergeants
  3 scorpions (Lair:4)
  A water moccasin zombie (D:5)
  A komodo dragon skeleton (Crypt:1)
  5 small abominations
  A wyvern skeleton (D:6)
  2 water moccasin skeletons
  17 wights
  7 howler monkeys
  An electric eel (Lair:2)
  5 centaur zombies
  A bullfrog zombie (Crypt:1)
  7 lava snakes
  A wolf skeleton (Crypt:2)
  4 human zombies
  10 starcursed masses (Abyss:2)
  2 bullfrog skeletons
  11 jellies
  A hound (D:4)
  Crazy Yiuf (D:6)
  16 orc priests
  An iron imp (Abyss:2)
  2 centaur skeletons
  5 iguanas (D:5)
  28 orc wizards
  12 hell rats (Lair:1)
  A killer bee zombie (D:7)
  2 mummies (Ossuary)
  2 howler monkey zombies
  2 howler monkey skeletons
  8 adders
  12 gnolls
  A river rat (Sewer)
  A shadow imp (D:8)
  2 white imps
  3 ufetubi
  An adder skeleton (D:4)
  A lava snake skeleton (Crypt:1)
  5 worms
  3 dart slugs
  65 orcs
  A bat (D:1)
  10 endoplasms
  2 giant cockroaches
  5 goblins
  4 hobgoblins
  4 jackals
  14 kobolds
  A quokka (D:3)
  A river rat zombie (Crypt:2)
  10 ball pythons
  A frilled lizard (D:3)
  A goblin zombie (Ossuary)
  A hobgoblin skeleton (Crypt:2)
  14 hobgoblin zombies (Ossuary)
  2 jackal zombies (Ossuary)
  8 kobold zombies (Ossuary)
  8 orc zombies (Ossuary)
  9 rats
  A rat skeleton (Crypt:2)
  3 starspawn tentacles (Abyss:2)
1640 creatures vanquished.

Vanquished Creatures (collateral kills)
  A hydra (Lair:4)
  A yak (Lair:4)
  A wolf (Lair:6)
  2 worms (Lair:4)
  A giant cockroach (Lair:4)
6 creatures vanquished.

Vanquished Creatures (others)
  A hydra (Swamp:3)
  An alligator (Swamp:3)
  An ironbound convoker (Vaults:4)
  A bloated husk (Swamp:4)
  2 swamp worms
  A swamp drake (Swamp:3)
  2 bushes (Lair:6)
  32 foxfires
  42 fungi
  81 plants
  3 starspawn tentacles (Abyss:2)
167 creatures vanquished.

Grand Total: 1813 creatures vanquished

Notes
Turn   | Place    | Note
-------+----------+-------------------------------------------
     0 | D:1      | mhtbhm the Minotaur Fighter began the quest for the Orb.
     0 | D:1      | Reached XP level 1. HP: 19/19 MP: 0/0
   286 | D:1      | Reached XP level 2. HP: 25/27 MP: 1/1
   323 | D:1      | Found a faded altar of an unknown god.
   335 | D:1      | Became a worshipper of Gozag Ym Sagoz the Greedy
   898 | D:2      | Reached XP level 3. HP: 34/34 MP: 2/2
  1344 | D:2      | Reached XP level 4. HP: 36/41 MP: 3/3
  1777 | D:3      | Reached skill level 1 in Dodging
  2051 | D:3      | Reached XP level 5. HP: 47/47 MP: 4/4
  2071 | D:3      | Found a shadowy altar of Dithmenos.
  2323 | D:3      | Found an ancient bone altar of Kikubaaqudgha.
  2530 | D:4      | Found a glowing drain.
  2564 | D:4      | Noticed a phantom
  2569 | Sewer    | Entered a sewer
  2674 | Sewer    | Found a glowing silver altar of Zin.
  2737 | D:4      | Killed a phantom
  2738 | D:4      | Reached XP level 6. HP: 34/55 MP: 5/5
  2752 | D:4      | Found a sand-covered staircase.
  2779 | Ossuary  | Entered an ossuary
  2938 | Ossuary  | Reached skill level 1 in Stealth
  3070 | Ossuary  | Reached skill level 5 in Armour
  3070 | Ossuary  | Reached skill level 5 in Shields
  3081 | Ossuary  | Reached skill level 5 in Fighting
  3081 | Ossuary  | Reached skill level 5 in Long Blades
  3422 | Ossuary  | Reached XP level 7. HP: 55/61 MP: 6/6
  4462 | D:4      | Noticed Blork the orc
  4471 | D:4      | Killed Blork the orc
  4706 | D:5      | Entered Level 5 of the Dungeon
  5086 | D:5      | Identified a scroll of acquirement
  5088 | D:5      | Acquired a +3 double sword of holy wrath
  5149 | D:5      | Found a sparkling altar of Nemelex Xobeh.
  5171 | D:5      | Found a large runed translucent door.
  5173 | D:5      | Found a large runed translucent door.
  5211 | D:5      | Found a large runed translucent door.
  5211 | D:5      | Found a large runed translucent door.
  5217 | D:5      | Noticed a yak
  5406 | D:5      | Killed a yak
  5407 | D:5      | Reached XP level 8. HP: 68/70 MP: 7/7
  5440 | D:5      | Noticed a troll
  5446 | D:5      | Killed a troll
  5647 | D:5      | Found a sacrificial altar of Ru.
  6144 | D:5      | Reached XP level 9. HP: 78/78 MP: 8/8
  6166 | D:5      | Noticed a two-headed ogre
  6171 | D:5      | Killed a two-headed ogre
  6336 | D:5      | Found an iron altar of Okawaru.
  6447 | D:5      | Identified the +7 flail of the Apocalypse {freeze, +Blink
                  | rF- Str+5}
  6747 | D:6      | Noticed Prince Ribbit
  6754 | D:6      | Killed Prince Ribbit
  6876 | D:6      | Reached skill level 10 in Long Blades
  6915 | D:6      | Found Dunn's Book Shoppe.
  6965 | D:6      | Found a staircase to the Ecumenical Temple.
  7096 | D:6      | Found a runed translucent door.
  7099 | D:6      | Noticed Crazy Yiuf
  7106 | D:6      | Killed Crazy Yiuf
  7186 | D:6      | Noticed Menkaure
  7190 | D:6      | Killed Menkaure
  7360 | D:6      | Found a hazy altar of Hepliaklqana.
  7852 | D:7      | Reached XP level 10. HP: 59/86 MP: 7/9
  8326 | D:7      | Found a hide-covered altar of Uskayaw.
  8842 | D:8      | Found a staircase to the Lair.
  9354 | D:8      | Found a shimmering blue altar of Sif Muna.
  9376 | D:8      | Noticed Erica
  9384 | D:8      | Killed Erica
  9726 | D:8      | Found a glowing silver altar of Zin.
  9893 | Lair:1   | Entered Level 1 of the Lair of Beasts
 10396 | Lair:1   | Reached XP level 11. HP: 75/95 MP: 8/10
 11139 | Lair:2   | Noticed Maggie
 11154 | Lair:2   | Killed Maggie
 11155 | Lair:2   | Reached skill level 5 in Dodging
 11230 | Lair:2   | Noticed an eight-headed hydra
 11238 | Lair:2   | Killed a four-headed hydra
 11492 | Lair:2   | Noticed Gastronok
 11564 | Lair:2   | Killed Gastronok
 11565 | Lair:2   | Reached skill level 10 in Shields
 11917 | Lair:2   | Noticed a bog body
 11921 | Lair:2   | Killed a bog body
 11945 | Lair:2   | Found a staircase to the Swamp.
 11945 | Lair:2   | Noticed a bog body
 11953 | Lair:2   | Killed a bog body
 11954 | Lair:2   | Reached skill level 10 in Fighting
 12561 | Lair:3   | Noticed a death yak
 12561 | Lair:3   | Noticed a death yak
 12561 | Lair:3   | Noticed a death yak
 12562 | Lair:3   | Noticed a death yak
 12583 | Lair:3   | Killed a death yak
 12583 | Lair:3   | Noticed a death yak
 12584 | Lair:3   | Reached XP level 12. HP: 91/106 MP: 9/11
 12594 | Lair:3   | Killed a death yak
 12605 | Lair:3   | Killed a death yak
 12954 | Lair:3   | Killed a death yak
 12960 | Lair:3   | Killed a death yak
 13622 | Lair:3   | Reached skill level 15 in Long Blades
 14528 | Lair:4   | Found a hole to the Spider Nest.
 14531 | Lair:4   | Noticed a six-headed hydra
 14548 | Lair:4   | Killed a four-headed hydra
 14714 | Lair:4   | Reached skill level 1 in Evocations
 15044 | Lair:4   | Reached skill level 10 in Armour
 15165 | Lair:4   | Found the +8 longbow "Zephyr" {speed, Dex+3 SInv}
 15426 | Lair:4   | Noticed a five-headed hydra
 15436 | Lair:4   | Killed a one-headed hydra
 15584 | Lair:4   | Reached XP level 13. HP: 117/117 MP: 12/12
 15915 | Lair:4   | You fall into a shaft and drop 2 floors!
 15915 | Lair:6   | Entered Level 6 of the Lair of Beasts
 16101 | Lair:6   | Found a dark tunnel.
 16111 | Volcano  | Entered a volcano
 16661 | Volcano  | Found a bloodstained altar of Trog.
 17237 | Lair:6   | Identified the +5 falchion "Kurerajuug" {protect, Int+6
                  | Stlth+}
 17458 | Lair:6   | Found a runed translucent door.
 17458 | Lair:6   | Noticed Cuymamef's ghost (journeyman FoAK)
 17992 | Lair:5   | Found a staircase to the Slime Pits.
 18067 | Lair:5   | Found a runed translucent door.
 18771 | Lair:6   | Reached XP level 14. HP: 113/127 MP: 13/13
 20006 | Lair:6   | Killed Cuymamef's ghost
 20849 | D:10     | Entered Level 10 of the Dungeon
 21241 | D:10     | Found a glowing golden altar of the Shining One.
 21355 | D:10     | Found a broken altar of Ashenzari.
 21355 | D:10     | Found a burning altar of Makhleb.
 21474 | D:10     | Found a stormy altar of Qazlal.
 21542 | D:10     | You fall into a shaft and drop 1 floor!
 21592 | D:11     | Noticed Psyche
 21601 | D:11     | Killed Psyche
 21692 | D:11     | Found a staircase to the Orcish Mines.
 21762 | Orc:1    | Entered Level 1 of the Orcish Mines
 22324 | Orc:2    | Entered Level 2 of the Orcish Mines
 22325 | Orc:2    | Found Libuityll's Armour Emporium.
 22642 | Orc:2    | Noticed an orc warlord
 22704 | Orc:1    | Killed an orc warlord
 22789 | Orc:2    | Found a staircase to the Elven Halls.
 23084 | Orc:2    | Reached XP level 15. HP: 61/138 MP: 14/14
 23170 | Orc:2    | Found a runed translucent gate.
 23171 | Orc:2    | Found a runed translucent gate.
 23172 | Orc:2    | Found a runed translucent gate.
 23190 | Orc:2    | Noticed ArcanElement's ghost (adept HOMo)
 23284 | Orc:2    | Found Vuhimom's General Store.
 23939 | Orc:2    | Found Ykleuvoucw's Antique Weapon Shoppe.
 24029 | Orc:2    | Found Daavam's Weapon Shop.
 24103 | Orc:2    | Found Babb's Antique Armour Shoppe.
 24142 | Orc:2    | Bought an iridescent long sword for 297 gold pieces
 24142 | Orc:2    | Identified the +3 long sword of Istreonuepn {vorpal, *Noise
                  | Will++} (You bought it in a shop on level 2 of the Orcish
                  | Mines)
 24153 | Orc:2    | Found Qoger's General Store.
 24169 | Orc:2    | Found Kiet's Jewellery Shoppe.
 24311 | Orc:2    | Killed ArcanElement's ghost
 24690 | Orc:1    | You fall into a shaft and drop 1 floor!
 24741 | D:11     | Bought a runed hat for 203 gold pieces
 24741 | D:11     | Bought a pair of heavily runed gloves for 275 gold pieces
 24741 | D:11     | Identified the +1 pair of gloves of Weumem {Int+6} (You
                  | bought it in a shop on level 11 of the Dungeon)
 24874 | D:11     | Found a shimmering altar of Xom.
 24874 | D:11     | Found a shimmering altar of Xom.
 24876 | D:11     | Found a shimmering altar of Xom.
 24882 | D:11     | Found a shimmering altar of Xom.
 24904 | D:11     | Found a shimmering altar of Xom.
 25348 | D:12     | Noticed Jorgrun
 25362 | D:12     | Killed Jorgrun
 25363 | D:12     | Reached skill level 15 in Fighting
 26190 | D:13     | You fall into a shaft and drop 2 floors!
 26190 | D:15     | Entered Level 15 of the Dungeon
 26218 | D:15     | Found a radiant altar of Vehumet.
 26489 | D:15     | Found a staircase to the Depths.
 26489 | D:15     | Noticed a frost giant
 26497 | D:15     | Killed a frost giant
 26793 | D:15     | Found a burning altar of Makhleb.
 27179 | D:14     | Found a gate to the Vaults.
 27334 | D:14     | Reached skill level 15 in Shields
 28878 | Swamp:1  | Entered Level 1 of the Swamp
 29275 | Lair:2   | Reached XP level 16. HP: 140/149 MP: 15/15
 29633 | Swamp:1  | Reached skill level 5 in Stealth
 30504 | Swamp:2  | Reached skill level 10 in Dodging
 30504 | Swamp:2  | Reached XP level 17. HP: 159/159 MP: 16/16
 30505 | Swamp:2  | Reached XP level 18. HP: 168/168 MP: 17/17
 31618 | Swamp:3  | Identified Sif Muna's Handbook of Fetching Confrontation
 31921 | Swamp:3  | Identified the +6 scale mail "Zuhe" {rElec Regen+ Dex-4}
 32167 | Swamp:4  | Entered Level 4 of the Swamp
 33337 | Swamp:4  | Reached skill level 1 in Throwing
 33440 | Swamp:4  | Reached skill level 15 in Armour
 33679 | Swamp:4  | Got a decaying rune of Zot
 34057 | Spider:1 | Entered Level 1 of the Spider Nest
 34111 | Spider:1 | Reached XP level 19. HP: 178/178 MP: 18/18
 34262 | Spider:1 | Identified the +4 kite shield of Proximity {Harm Str+4}
 34322 | Spider:1 | Found a transporter.
 34326 | Spider:1 | Noticed MisterLeisureLearns's ghost (journeyman MiBe)
 34332 | Spider:1 | Found a transporter.
 34882 | Spider:1 | Identified the +11 falchion of Recklessness {flame, Fly
                  | rElec rN+ Str+4}
 35274 | Spider:1 | Identified the +7 trident "Mouffior" {elec, rN+ Int+2 Dex+4
                  | Stlth-}
 35331 | Spider:1 | Killed MisterLeisureLearns's ghost
 35339 | Spider:1 | Identified the amulet "Myolysa" {Faith rPois rC+}
 36714 | Spider:3 | Identified the ring of Cheibriados's Scorn {+Inv rF+ Str+4
                  | Int+4}
 37783 | Spider:4 | Entered Level 4 of the Spider Nest
 38026 | Spider:4 | Noticed Arachne
 38036 | Spider:4 | Killed Arachne
 39559 | Spider:4 | Reached skill level 15 in Dodging
 39596 | Spider:4 | Got a gossamer rune of Zot
 40346 | Vaults:1 | Entered Level 1 of the Vaults
 40414 | Vaults:1 | Reached XP level 20. HP: 133/189 MP: 19/19
 43037 | Vaults:3 | Found a huge runed gate.
 43037 | Vaults:3 | Found a huge runed gate.
 43037 | Vaults:3 | Found a huge runed gate.
 43037 | Vaults:3 | Found a huge runed gate.
 43041 | Vaults:3 | Found a huge runed gate.
 43041 | Vaults:3 | Found a huge runed gate.
 43041 | Vaults:3 | Found a huge runed gate.
 43041 | Vaults:3 | Found a huge runed gate.
 43041 | Vaults:3 | Cast into level 2 of the Abyss (a wizard)
 43041 | Abyss:2  | Found a large runed door.
 43041 | Abyss:2  | Found a large runed door.
 43041 | Abyss:2  | Found a large runed door.
 43065 | Abyss:2  | Found a large runed door.
 43344 | Abyss:2  | Identified the +0 plate armour of Skepticism {rC+ SInv}
 43383 | Abyss:2  | Reached XP level 21. HP: 172/189 MP: 20/20
 43574 | Vaults:3 | Escaped the Abyss
 43606 | Vaults:3 | Found a huge runed gate.
 43606 | Vaults:3 | Found a huge runed gate.
 43606 | Vaults:3 | Found a huge runed gate.
 43606 | Vaults:3 | Found a huge runed gate.
 43606 | Vaults:3 | Found a huge runed gate.
 43607 | Vaults:3 | Found a huge runed gate.
 43608 | Vaults:3 | Found a huge runed gate.
 43609 | Vaults:3 | Found a huge runed gate.
 43610 | Vaults:3 | Found a huge runed gate.
 43618 | Vaults:3 | Found a huge runed gate.
 43618 | Vaults:3 | Found a huge runed gate.
 43618 | Vaults:3 | Found a huge runed gate.
 43618 | Vaults:3 | Found a huge runed gate.
 43618 | Vaults:3 | Found a huge runed gate.
 43618 | Vaults:3 | Found a huge runed gate.
 43619 | Vaults:3 | Found a huge runed gate.
 43620 | Vaults:3 | Found a huge runed gate.
 43621 | Vaults:3 | Found a huge runed gate.
 43629 | Vaults:3 | Found a huge runed gate.
 43629 | Vaults:3 | Found a huge runed gate.
 43629 | Vaults:3 | Found a huge runed gate.
 43629 | Vaults:3 | Found a huge runed gate.
 43629 | Vaults:3 | Found a huge runed gate.
 43629 | Vaults:3 | Found a huge runed gate.
 43630 | Vaults:3 | Found a huge runed gate.
 43662 | Vaults:3 | Found a huge runed gate.
 43663 | Vaults:3 | Found a huge runed gate.
 43671 | Vaults:3 | Found a huge runed gate.
 44142 | Vaults:3 | Found a staircase to the Crypt.
 45175 | Crypt:1  | Entered Level 1 of the Crypt
 45660 | Crypt:1  | Noticed an ancient lich
 45676 | Crypt:1  | Killed an ancient lich
 45775 | Crypt:1  | Found an ancient bone altar of Kikubaaqudgha.
 45781 | Crypt:1  | Identified Nerr's Tome of Snow
 46655 | Crypt:2  | Reached XP level 22. HP: 213/213 MP: 21/21
 47044 | Crypt:2  | Noticed Bai Suzhen
 47062 | Crypt:2  | Killed Bai Suzhen
 47526 | Crypt:3  | Entered Level 3 of the Crypt
 47751 | Crypt:3  | Found a basalt altar of Yredelemnul.
 48302 | Crypt:3  | Noticed Xtahua
 48308 | Crypt:3  | Killed Xtahua
 48370 | Crypt:3  | Found a staircase to the Tomb.
 48403 | Crypt:3  | Identified the amulet of Sihauck {Faith +Inv}
 48563 | Crypt:3  | Identified the Collected Works on Confrontation and
                  | Translocation
 49647 | Vaults:3 | Bought a glowing cloak for 307 gold pieces
 49647 | Vaults:3 | Bought a fine plate armour for 1148 gold pieces
 49647 | Vaults:3 | Identified the +1 plate armour "Soobluot" {rElec rF+ Regen+
                  | Dex+3} (You bought it in a shop on level 3 of the Vaults)
 49647 | Vaults:3 | Bought a translucent plate armour for 1148 gold pieces
 49647 | Vaults:3 | Identified the +1 plate armour of Defiance {+Inv rF+
                  | Slay+3} (You bought it in a shop on level 3 of the Vaults)
 49650 | Vaults:3 | Upgraded the game from 0.27-a0-887-gcab673c142 to
                  | 0.27-a0-899-ge2d0b17c59
 49764 | Vaults:4 | Reached XP level 23. HP: 223/223 MP: 22/22
 50905 | Vaults:4 | Found Kialiadde's General Store.
 51081 | Vaults:5 | Entered Level 5 of the Vaults
 51790 | Depths:1 | Entered Level 1 of the Depths
 51922 | Depths:1 | Paralysed by a great orb of eyes for 6 turns
 51924 | Depths:1 | HP: 1/224 [ettin/+0 dire flail (14)]
 51924 | Depths:1 | Mangled by a vampire knight

Illustrated notes

Levels and vault maps discovered:
D:1:      roderic_crop_circles_arrival_small, layout_loops_ring,
          basic_ecumenical_altar
D:2:      layout_loops_ring
D:3:      layout_loops_ring, lemuel_coloured_pillars_altar,
          nicolae_overflow_crystal_walls
D:4:      layout_basic, cheibrodos_sewer_entry_drain, enter_ossuary_3,
          uniq_blork_the_orc
D:5:      layout_loops_ring, nemelex_spade_bored_becter,
          nicolae_ru_sacrificial_ziggurat, lemuel_crystal_altar,
          minmay_hollow_rounded_squares
D:6:      layout_basic, nicolae_hepliaklqana_hazy_memory,
          minmay_temple_entry_waves, gammafunk_ghost_necromancy, serial_shops,
          shop, uniq_crazy_yiuf_cottage, uniq_edmund, uniq_menkaure,
          uniq_prince_ribbit1
D:7:      layout_cave_pools, pf_just_have_faith
D:8:      layout_loops_cross, led_sif_pool, zin_treasury, david_lair_shrubbed,
          item_on_display_a, uniq_erica
D:9:      layout_big_octagon, serial_glass, glass_columns_c, glass_columns_a
D:10:     layout_basic, nicolae_qazlal_eye_of_the_storm,
          chequers_temple_overflow_statue_of_worship, serial_curves,
          eino_curves_04, eino_curves_01
D:11:     layout_rooms, orc_david_3, hangedman_decor_slide_cut,
          kennysheep_donut, xom_shifter_show, uniq_psyche
D:12:     layout_stronghold, uniq_jorgrun
D:13:     layout_basic, chequers_serial_rivers_micro_d
D:14:     layout_irregular_city, david_vaults_1, minmay_misc_feat_secret_circle
D:15:     grunt_enter_depths_snipers, layout_irregular_city,
          nicolae_vehumet_radiance, dk_noncrumbling_3, demons_altar
Lair:1:   layout_roguey, serial_bayou_shore_a, grunt_megastairs_4,
          infiniplex_staircase_pool
Lair:2:   layout_roguey, nicolae_swamp_entry_splash_gauntlet, uniq_maggie,
          uniq_gastronok
Lair:3:   layout_small_grid, grunt_megastairs_1, serial_bayou_shore_b,
          serial_bayou_shore_b
Lair:4:   layout_loops_ring, nicolae_spider_entry_non_spiders, minmay_holes,
          minmay_hedge_maze, grunt_megastairs_2
Lair:5:   layout_regular_city, minmay_slime_entry_jelly_boxes, pf_torpor_hydra,
          lemuel_fruit_fields, grunt_megastairs_3
Lair:6:   minmay_lair_end_enchanted_forest, layout_regular_city,
          ebering_ghost_inner_flame, nicolae_volcano_entry_hallway
Swamp:1:  layout_basic_swamp, nicolae_swamp_little_swirl,
          nzn_swamp_dancing_lights
Swamp:2:  layout_basic_swamp, evilmike_swamp_ruin_house_3, swamp_pool3
Swamp:3:  layout_basic_swamp, hangedman_swamp_pad, infiniplex_staircase_pool_2
Swamp:4:  swamp_basic_johnstein, layout_basic_swamp, swamp_pool3
Spider:1: layout_chambers, gammafunk_ghost_arena, drop_trap, worms_lemuel
Spider:2: layout_spider_delve, drop_trap, guppyfry_spider_mini_1,
          hangedman_spider_tarantella_strand
Spider:3: layout_chambers
Spider:4: floodkiller_spider_rune_tomb, guppyfry_hornet_nest, uniq_arachne
Orc:1:    layout_caves, basic_altar
Orc:2:    grunt_orc_cross, layout_caves, maelrawn_ghost_gauntlet_escape,
          serial_shops, nicolae_shop_crystal, shop, statue_in_the_mist_lemuel,
          guppyfry_orc_lava_fort
Vaults:1: grunt_vaults_hallway_long, v_misc_5, vaults_room_door_ring,
          nicolae_vaults_minivaults, nicolae_vaults_ring_of_whatevers,
          hangedman_vaults_hat, v_misc_15, vaults_dpeg_diagonal,
          grunt_vaults_diagonal, hangedman_vaults_locks,
          hangedman_vaults_corner_blocks, ontoclasm_vaults_gateway,
          hangedman_vaults_maws, vaults_room_pool, vaults_room_grid,
          hangedman_vaults_maws, ontoclasm_vaults_twist, layout_vaults_omnibox
Vaults:2: v_misc_27, nicolae_vaults_back_hallway, hangedman_vaults_slither,
          vaults_room_stairs_pillars, vaults_mumra_hexcomb,
          ontoclasm_vaults_gallery, v_misc_16, vaults_dpeg_hooks,
          vaults_room_pools, layout_vaults_ring
Vaults:3: vaults_not_door_vault_due, minmay_crypt_entry_simple_walls,
          hangedman_vaults_variations, ontoclasm_vaults_pinch, v_alt_pattern_4,
          grunt_vaults_focal, v_alt_pattern_1, vaults_room_hallway,
          nicolae_vaults_border_crossing, v_misc_25, vaults_room_stairs_pillars,
          layout_vaults_big_room
Vaults:4: grunt_vaults_funnel, st_diamondy, vaults_mumra_chevron,
          vaults_room_pools, v_misc_8, v_alt_pattern_4,
          ontoclasm_vaults_ring_small, nicolae_vaults_puzzle_piece, v_misc_10,
          hangedman_vaults_slice, nicolae_vaults_little_squares_3,
          hangedman_vaults_snaps, vaults_dpeg_doors, layout_vaults_maze_bifur,
          serial_shops, shop
Vaults:5: serial_shops
Crypt:1:  cheibrodos_crypt_down_in_the_bonehoard, layout_basic,
          grunt_crypt_arrival_webbed
Crypt:2:  layout_misc_corridors, uniq_bai_suzhen
Crypt:3:  grunt_crypt_end_deaths_head, uniq_xtahua
Depths:1: minmay_slanted_spiral_squares, layout_gridlike, hell_entry,
          abyss_entry_crystal, roderic_roman_lattice, drop_trap,
          kennysheep_cluttered_room, chequers_serial_rivers_micro_a,
          slow_altar_1

Skill      XL: |  1  2  3  4  5  6  7  8  9 10 11 12 13 14 15 16 17 18 19 20 21 22 23 |
---------------+----------------------------------------------------------------------+-----
Shields        | 4 5 6 8 9 10 11 12 14 15 17 19 20 21 22 23 | 23.7
Fighting       | 4 5 6 7 8 10 11 12 14 15 16 17 18 19 21 22 | 22.5
Long Blades    | 3 4 5 7 8 10 12 14 15 16 17 18 19 20 21 22 23 | 23.2
Armour         | 4 5 6 7 8 9 10 11 12 13 14 15 16 17 | 17.0
Dodging        | 1 2 3 4 5 6 7 8 10 11 13 15 16 17 | 17.2
Stealth        | 1 2 3 4 5 6 7 |  7.0
Evocations     | 1 2 3 |  3.3
Throwing       | 1 |  1.1

Action                   |  1- 3 |  4- 6 |  7- 9 | 10-12 | 13-15 | 16-18 | 19-21 | 22-24 || total
-------------------------+-------+-------+-------+-------+-------+-------+-------+-------++-------
Melee: Long sword        |    67 |   207 |    67 |       |       |       |       |       ||   341
       Headbutt          |    12 |    36 |    36 |   131 |   339 |   122 |   390 |   197 ||  1263
       Double sword      |       |       |   165 |   496 |  1437 |   438 |   952 |   785 ||  4273
       Scimitar          |       |       |       |    20 |    23 |    94 |       |       ||   137
       Falchion          |       |       |       |       |       |       |   571 |       ||   571
Throw: Dart              |       |       |       |     4 |     4 |     2 |       |       ||    10
Invok: Call Merchant     |       |       |       |       |     2 |       |       |     2 ||     4
       Potion Petition   |       |       |       |       |     1 |     2 |     2 |     2 ||     7
Evoke: Wand              |       |     2 |     5 |     4 |    15 |     4 |     6 |     2 ||    38
       Box of beasts     |       |       |       |     1 |     1 |     1 |       |       ||     3
       Tin of tremorston |       |       |       |       |     5 |     3 |     3 |     2 ||    13
  Use: Potion            |       |     2 |     1 |     3 |     5 |     8 |     2 |     5 ||    26
       Scroll            |       |     5 |     6 |     1 |    20 |    14 |     6 |     3 ||    55
 Stab: Paralysed         |       |     4 |     7 |     1 |       |       |       |       ||    12
       Distracted        |       |       |     2 |     2 |     8 |     3 |    13 |     2 ||    30
       Invisible         |       |       |       |     1 |       |     2 |     2 |     2 ||     7
       Petrifying        |       |       |       |       |     3 |       |       |       ||     3
       Sleeping          |       |       |       |       |     1 |       |     1 |       ||     2
Armor: Scale mail        |    23 |    78 |    89 |    55 |       |   216 |   468 |   191 ||  1120
       Skin              |       |    37 |       |       |       |       |       |       ||    37
       Swamp dragon scal |       |       |       |   110 |    18 |       |       |       ||   128
       Chain mail        |       |       |       |       |   224 |       |       |       ||   224
       Plate armour      |       |       |       |       |   218 |   184 |       |       ||   402
Dodge: Dodged            |    14 |    60 |    78 |   160 |   385 |   314 |   355 |   170 ||  1536
Block: Kite shield       |    38 |   115 |   131 |   270 |   748 |   492 |  1158 |   648 ||  3600
       Rpst.: Long sword |     3 |    18 |     4 |       |       |       |       |       ||    25
       Double sword      |       |       |    12 |    40 |    92 |    32 |    34 |    34 ||   244
       Scimitar          |       |       |       |       |     1 |     5 |       |       ||     6
       Falchion          |       |       |       |       |       |       |    29 |       ||    29

Table legend: (Time is in decaauts)
 A = Elapsed time spent in this place.
 B = Non-inter-level travel time spent in this place.
 C = Inter-level travel time spent in this place.
 D = Time resting spent in this place.
 E = Time spent auto-exploring this place.
 F = Levels seen in this place.
 G = Mean time per level.
                   A        B        C        D        E       F      G
               +--------+--------+--------+--------+--------+-----+--------+
         Total |  51400 |  50705 |    695 |   8711 |  26823 |  44 | 1168.2 |
       Dungeon |  14952 |  14847 |    105 |   1822 |   9574 |  15 |  996.8 |
          Lair |  10094 |   9944 |    150 |   1911 |   5321 |   6 | 1682.3 |
         Swamp |   4758 |   4632 |    126 |   1196 |   2151 |   4 | 1189.5 |
   Spider Nest |   5605 |   5605 |      0 |    617 |   3429 |   4 | 1401.2 |
  Orcish Mines |   2872 |   2872 |      0 |    759 |    929 |   2 | 1436.0 |
        Vaults |   6387 |   6282 |    105 |   1129 |   3010 |   5 | 1277.4 |
         Crypt |   4061 |   3852 |    209 |    620 |   1797 |   3 | 1353.7 |
        Depths |    130 |    130 |      0 |      0 |     84 |   1 |  130.0 |
         Abyss |    497 |    497 |      0 |      0 |      0 |   1 |  497.0 |
         Sewer |    197 |    197 |      0 |      0 |      0 |   1 |  197.0 |
       Ossuary |    775 |    775 |      0 |    272 |    260 |   1 |  775.0 |
       Volcano |   1065 |   1065 |      0 |    383 |    267 |   1 | 1065.0 |
               +--------+--------+--------+--------+--------+-----+--------+

Top non-repeatable levels by time:
  Lair:2: 2387 daAuts
  Lair:3: 1991 daAuts
     D:5: 1982 daAuts
Spider:4: 1904 daAuts
Vaults:3: 1889 daAuts
Vaults:4: 1863 daAuts
  Lair:6: 1718 daAuts
     D:8: 1699 daAuts
 Swamp:4: 1672 daAuts
 Crypt:1: 1639 daAuts
   Orc:2: 1619 daAuts
  Lair:4: 1556 daAuts
Vaults:1: 1509 daAuts
 Crypt:3: 1493 daAuts
 Swamp:3: 1370 daAuts
